[Event "Titled Tuesday Blitz July 26 Early 2022"]
[White "Iljin, Timofey"]
[Black "Pappelis, Dimitrios"]
[WhiteFideId "14110180"]
[BlackFideId "4215281"]
[WhiteElo "2404"]
[BlackElo "1998"]
[Result "1-0"]
[Round "06"]
[TimeControl "180+1"]
[Date "2022.07.27"]
[WhiteClock "0:00:07"]
[BlackClock "0:00:03"]

1. e4 c5 2. c3 Nf6 3. e5 Nd5 4. d4 cxd4 5. cxd4 Nc6 6. Nf3 g6 7. Bc4 Nb6 8. Bb3 Bg7 9. O-O O-O 10. Bf4 d6 11. exd6 Bg4 12. dxe7 Qxe7 13. d5 Nd4 14. Nbd2 Rad8 15. d6 Qf6 16. Be5 Qxe5 17. Nxe5 Bxd1 18. Nxf7 Bxb3 19. Nxd8 Bd5 20. Nxb7 Bxb7 21. Rfd1 Rd8 22. a4 Rxd6 23. a5 Nd5 24. a6 Rxa6 25. Rxa6 Bxa6 26. Ra1 Bd3 27. Rxa7 h5 28. Rd7 Nf4 29. b4 Bb5 30. Rd8+ Kh7 31. Ne4 Nde2+ 32. Kh1 Nd3 33. Ng5+ Kh6 34. Nf7+ Kh7 35. Ng5+ Kh6 36. Nh3 Bd4 37. Rb8 Bc6 38. b5 Be4 39. f3 Bf5 40. b6 Bxh3 41. gxh3 Nef4 42. Rf8 Nf2+ 43. Kg1 N2xh3+ 44. Kf1 Nd5 45. b7 Ba7 46. b8=Q Bxb8 47. Rxb8 Ndf4 48. Rh8+ Kg7 49. Ra8 g5 50. Ke1 Kg6 51. Ra5 g4 52. fxg4 hxg4 53. Kf1 Ng5 54. Ra6+ Kh5 55. Ra8 Nf3 56. Rh8+ Kg5 57. Rg8+ Kf5 58. Rf8+ Ke4 59. Re8+ Kd3 60. Kf2 Nxh2 61. Kg3 1-0


[Site "https://www.chess.com"]

[Event "Titled Tuesday Blitz July 26 Early 2022"]
[White "Ismagilov, Damir"]
[Black "Mardov, Dimitar"]
[WhiteFideId "34199982"]
[BlackFideId "30919495"]
[WhiteElo "2138"]
[BlackElo "2185"]
[Result "0-1"]
[Round "06"]
[TimeControl "180+1"]
[Date "2022.07.26"]
[WhiteClock "0:00:07"]
[BlackClock "0:00:32"]

1. d4 Nf6 2. c4 e6 3. Nf3 Bb4+ 4. Nbd2 O-O 5. a3 Be7 6. e4 d6 7. Be2 Nfd7 8. b4 e5 9. d5 a5 10. Bb2 c6 11. O-O Na6 12. Qb3 Nc7 13. Bc3 cxd5 14. cxd5 a4 15. Qc2 b5 16. Rac1 Ra7 17. Rfe1 Nb6 18. Nf1 f5 19. exf5 Bxf5 20. Qa2 Nbxd5 21. Bxb5 Be6 22. Bc4 Rxf3 23. gxf3 Nf4 24. Bxe6+ Ncxe6 25. Rcd1 Qf8 26. Ng3 Qf7 27. Kh1 Rc7 28. Bd2 Nd3 29. Qd5 Nxf2+ 30. Kg1 Nxd1 31. Rxd1 Nd4 32. Qxf7+ Kxf7 33. Be3 Nb5 34. Rd3 Ke6 35. Ne4 d5 36. Nc5+ Bxc5 37. Bxc5 d4 38. Kf2 Kd5 39. Ke2 g5 40. h3 Rf7 41. Kf2 e4 0-1


[Site "https://www.chess.com"]

[Event "Titled Tuesday Blitz July 26 Early 2022"]
[White "Ismayil, Malak"]
[Black "Zhigalko, Sergei"]
[WhiteFideId "13412604"]
[BlackFideId "13502956"]
[WhiteElo "1879"]
[BlackElo "2662"]
[Result "0-1"]
[Round "06"]
[TimeControl "180+1"]
[Date "2022.07.26"]
[WhiteClock "0:00:10"]
[BlackClock "0:00:05"]

1. e4 c5 2. Nf3 Nc6 3. Bb5 Nf6 4. Bxc6 dxc6 5. d3 Bg4 6. O-O Nd7 7. Nbd2 Qc7 8. h3 Bh5 9. b3 e5 10. Bb2 Be7 11. Nc4 f6 12. Ne3 Nf8 13. Nf5 Ne6 14. Ng3 Bf7 15. Nd2 O-O-O 16. a3 a6 17. Bc3 Nd4 18. Rc1 Rhe8 19. Qe1 Nb5 20. Bb2 Nd4 21. Bc3 b6 22. Nc4 a5 23. b4 cxb4 24. axb4 a4 25. Ne3 g6 26. Bb2 h5 27. Ne2 Nxe2+ 28. Qxe2 Bxb4 29. c3 Ba5 30. d4 exd4 31. cxd4 Rxe4 32. Qc2 f5 33. Qxa4 Kb7 34. d5 Rxa4 35. dxc6+ Qxc6 36. Rxc6 Kxc6 37. Rc1+ Kb7 38. Bf6 Rd7 39. Be5 Bd2 40. Rc2 Bxe3 41. fxe3 Re4 42. Bf4 b5 43. Kf2 b4 44. Rb2 b3 45. Kf3 Ra4 46. Be5 Bd5+ 47. Kg3 Ra2 48. Rb1 Rxg2+ 49. Kh4 Re7 50. Bf4 Kc6 51. Rc1+ Rc2 52. Ra1 b2 53. Ra6+ Kb5 54. Rd6 b1=Q 55. Rxd5+ Kc6 56. Rd6+ Kc5 57. Rxg6 Qe1+ 58. Bg3 Qxe3 59. Rg5 Kc6 60. Rg6+ Re6 61. Rg5 Rc4+ 62. Kxh5 Qf3+ 63. Rg4 Rxg4 0-1


[Site "https://www.chess.com"]

[Event "Titled Tuesday Blitz July 26 Early 2022"]
[White "Kamsky, Gata"]
[Black "Lazavik, Denis"]
[WhiteFideId "2000024"]
[BlackFideId "13515110"]
[WhiteElo "2645"]
[BlackElo "2437"]
[Result "0-1"]
[Round "06"]
[TimeControl "180+1"]
[Date "2022.07.26"]
[WhiteClock "0:00:05"]
[BlackClock "0:00:31"]

1. d4 d5 2. Bf4 c5 3. e3 cxd4 4. exd4 Nc6 5. c3 Bf5 6. Nd2 e6 7. Qb3 Qd7 8. Ngf3 f6 9. Be2 g5 10. Be3 Bd6 11. c4 Nge7 12. Rc1 O-O 13. O-O Kh8 14. cxd5 exd5 15. Rfe1 Ng6 16. Nf1 Nf4 17. Bb5 Nxg2 18. Kxg2 Bh3+ 19. Kg1 Qg4+ 20. Ng3 Qxf3 21. Bf1 Bxf1 22. Nxf1 h5 23. Qd1 Qxd1 24. Rexd1 Kg7 25. h3 Rac8 26. Kg2 Ne7 27. Ng3 Kg6 28. Ne2 Rxc1 29. Rxc1 Rc8 30. Rxc8 Nxc8 31. f3 Ne7 32. Nc3 a6 33. b3 Bb4 34. Ne2 Nf5 35. Bf2 Kf7 36. Nc1 Ke6 37. Nd3 Bd6 38. Kf1 Ne7 39. Ke2 Nc6 40. Ne1 Bc7 41. Nc2 Ba5 42. a3 Bc7 43. Kd3 Na5 44. Kc3 f5 45. Nb4 Bd6 46. Nd3 Nc6 47. a4 g4 48. hxg4 fxg4 49. fxg4 hxg4 50. b4 b5 51. axb5 axb5 52. Bh4 Kf5 53. Be1 Ke4 54. Nf2+ Kf3 55. Nd3 g3 56. Bxg3 Kxg3 57. Nc1 Kf3 0-1


[Site "https://www.chess.com"]

[Event "Titled Tuesday Blitz July 26 Early 2022"]
[White "Karttunen, Mika"]
[Black "Derjabin, Ilja"]
[WhiteFideId "502081"]
[BlackFideId "14104768"]
[WhiteElo "2343"]
[BlackElo "2341"]
[Result "1-0"]
[Round "06"]
[TimeControl "180+1"]
[Date "2022.07.27"]
[WhiteClock "0:00:11"]
[BlackClock "0:00:04"]

1. e4 e6 2. d4 d5 3. Nc3 Nf6 4. Bg5 Be7 5. e5 Ne4 6. Bxe7 Qxe7 7. Nxe4 dxe4 8. Qd2 c5 9. O-O-O Nc6 10. Bb5 O-O 11. Bxc6 bxc6 12. dxc5 Qxc5 13. Qd4 Qa5 14. Ne2 Qxa2 15. Nc3 Qa1+ 16. Kd2 Qxb2 17. Ra1 c5 18. Qd6 Qb4 19. Rhb1 e3+ 20. fxe3 Qh4 21. Qxc5 Rd8+ 22. Kc1 Qxh2 23. Rb3 Qxg2 24. Kb2 Bd7 25. Rxa7 Rxa7 26. Qxa7 h5 27. Rb8 Rxb8+ 28. Qxb8+ Kh7 29. Qc7 Qc6 30. Qd8 Qb7+ 31. Kc1 Bc6 32. Qg5 Bf3 33. Qf4 Qc6 34. Kd2 Qd7+ 35. Ke1 Bg4 36. Ne4 Qd1+ 37. Kf2 Qe2+ 38. Kg3 Qe1+ 39. Kg2 Qe2+ 40. Kg3 Kg8 41. Nd6 Qe1+ 42. Kg2 Qd2+ 43. Kg3 Qxc2 44. Qxf7+ Kh7 45. Ne8 Qg6 46. Nf6+ Kh6 47. Ng8+ Kg5 48. Qe7+ Kf5 49. Qf8+ Kxe5 50. Qf4+ Kd5 51. Ne7+ Kc5 52. Nxg6 1-0


[Site "https://www.chess.com"]

[Event "Titled Tuesday Blitz July 26 Early 2022"]
[White "Kozlov, Oleg"]
[Black "Guz, Ari"]
[WhiteFideId "4104544"]
[BlackFideId "2825759"]
[WhiteElo "2132"]
[BlackElo "1913"]
[Result "1-0"]
[Round "06"]
[TimeControl "180+1"]
[Date "2022.07.27"]
[WhiteClock "0:00:10"]
[BlackClock "0:00:11"]

1. d4 e6 2. c4 d5 3. Nf3 Nf6 4. g3 dxc4 5. Bg2 Bd7 6. Ne5 Bc6 7. Nxc6 Nxc6 8. O-O Qd7 9. e3 O-O-O 10. Qa4 Nd5 11. Qxc4 h5 12. Nc3 h4 13. Bd2 hxg3 14. hxg3 Bb4 15. Rac1 Bxc3 16. bxc3 Rh5 17. Qb3 Rdh8 18. c4 Nb6 19. Rb1 Nd8 20. a4 Qxa4 21. Qxa4 Nxa4 22. c5 a6 23. Bf3 Rf5 24. Be4 Rfh5 25. Ra1 Nb2 26. Bc3 Nc4 27. Ra4 b5 28. Rxa6 Kd7 29. Rb1 c6 30. Ra7+ Ke8 31. Kg2 Rh2+ 32. Kg1 f5 33. Bf3 g5 34. Ra8 Kd7 35. Rba1 e5 36. R1a7+ Ke6 37. d5+ cxd5 38. Ra6+ Kf7 39. Bxd5+ Ke7 40. R6a7+ Kf6 41. c6 Ne6 42. Rxh8 Rxh8 43. c7 Rc8 44. Ra6 Rxc7 45. Rxe6+ Kg7 46. Bxc4 Rxc4 47. Bxe5+ Kf7 48. Rb6 Ke7 49. Rxb5 Ke6 50. Bd4 g4 51. Re5+ Kf6 52. Rc5+ 1-0


[Site "https://www.chess.com"]

[Event "Titled Tuesday Blitz July 26 Early 2022"]
[White "Kucuksari, Kaan"]
[Black "Gunina, Valentina"]
[WhiteFideId "6380166"]
[BlackFideId "4167570"]
[WhiteElo "2305"]
[BlackElo "2386"]
[Result "0-1"]
[Round "06"]
[TimeControl "180+1"]
[Date "2022.07.26"]
[WhiteClock "0:00:22"]
[BlackClock "0:01:33"]

1. d4 d5 2. c4 c6 3. Nf3 Nf6 4. Qc2 dxc4 5. Qxc4 Bf5 6. g3 Nbd7 7. Bg2 e6 8. O-O Be7 9. e3 O-O 10. Rd1 Qb6 11. Nc3 Rfd8 12. Qe2 Bg6 13. e4 Bb4 14. e5 Nd5 15. Bd2 Be7 16. b3 Nxc3 17. Bxc3 h6 18. Nd2 Qc7 19. Nc4 Nb6 20. Ba5 Rd7 21. Qe3 Nxc4 22. bxc4 Qxa5 23. d5 cxd5 24. cxd5 Bc5 25. Qb3 exd5 26. Rxd5 Rxd5 27. Bxd5 Re8 28. Qxb7 Qd2 29. Rf1 Bb6 30. Qd7 Kh7 31. Qxe8 Qxd5 32. Re1 Qf3 33. Rf1 Be4 0-1


[Site "https://www.chess.com"]

[Event "Titled Tuesday Blitz July 26 Early 2022"]
[White "Kuderinov, Kirill"]
[Black "Andreikin, Dmitry"]
[WhiteFideId "13701568"]
[BlackFideId "4158814"]
[WhiteElo "2465"]
[BlackElo "2736"]
[Result "0-1"]
[Round "06"]
[TimeControl "180+1"]
[Date "2022.07.26"]
[WhiteClock "0:00:07"]
[BlackClock "0:01:00"]

1. e4 c5 2. Nf3 e6 3. d4 cxd4 4. Nxd4 Nc6 5. Nc3 Qc7 6. Be3 a6 7. Bd3 Nf6 8. O-O Bd6 9. h3 O-O 10. Nxc6 dxc6 11. f4 e5 12. f5 b5 13. g4 b4 14. g5 Nd7 15. Ne2 Bc5 16. Bxc5 Nxc5 17. Ng3 Rd8 18. Qf3 Qd6 19. Rad1 Qd4+ 20. Rf2 Qxb2 21. Qh5 Nxd3 22. cxd3 Qd4 23. f6 Qe3 24. Kg2 Be6 25. fxg7 Rd6 26. Rf3 Qc5 27. Rdf1 Ra7 28. Qh6 Bxa2 29. Rf6 Rxf6 30. gxf6 Be6 31. Rc1 Qd6 32. Qe3 Rb7 33. Rf1 b3 34. Qh6 Qxd3 35. Rf5 Bxf5 36. Nxf5 Qxe4+ 0-1


[Site "https://www.chess.com"]

[Event "Titled Tuesday Blitz July 26 Early 2022"]
[White "Lakshmi C"]
[Black "Melikhov, Evgeny V."]
[WhiteFideId "25035347"]
[BlackFideId "4122046"]
[WhiteElo "1775"]
[BlackElo "1995"]
[Result "0-1"]
[Round "06"]
[TimeControl "180+1"]
[Date "2022.07.27"]
[WhiteClock "0:00:08"]
[BlackClock "0:00:06"]

1. e4 c5 2. Nf3 d6 3. d4 cxd4 4. Nxd4 Nf6 5. Nc3 a6 6. a4 Nc6 7. Nxc6 bxc6 8. Be2 e6 9. Be3 Be7 10. a5 c5 11. O-O Qc7 12. f4 O-O 13. Bf3 Bb7 14. Bf2 Rfd8 15. Qe2 d5 16. e5 Ne8 17. Rfd1 Bc6 18. Bg3 Qb7 19. b3 g6 20. Bf2 Ng7 21. g4 Rd7 22. Bh1 Rad8 23. Qf3 Qb4 24. Na4 Bxa4 25. Rxa4 Qb5 26. Qe3 h5 27. h3 d4 28. Qd3 Qxd3 29. Rxd3 hxg4 30. hxg4 Ne8 31. Be4 Nc7 32. f5 exf5 33. gxf5 g5 34. Be1 Nd5 35. f6 Bf8 36. Bd2 Ne3 37. Bxe3 dxe3 38. Rxe3 Rd4 39. Rxd4 Rxd4 40. Bd3 c4 41. bxc4 Bc5 42. Rg3 Rxd3+ 43. Kg2 Rxg3+ 44. Kxg3 Bd4 45. Kg4 Bxe5 46. Kxg5 Bc7 47. Kf5 Bxa5 48. c5 Bd8 49. Ke4 Kf8 50. Kf5 Ke8 51. Ke4 Kd7 52. Kd5 Bxf6 53. Ke4 Be7 54. Kf5 Kc6 55. Ke5 Kxc5 56. Ke4 Kc4 57. Kf5 a5 0-1


[Site "https://www.chess.com"]

[Event "Titled Tuesday Blitz July 26 Early 2022"]
[White "Large, Peter G"]
[Black "Tanaka, Taira Tyler"]
[WhiteFideId "400866"]
[BlackFideId "7002351"]
[WhiteElo "2064"]
[BlackElo "2499"]
[Result "0-1"]
[Round "06"]
[TimeControl "180+1"]
[Date "2022.07.27"]
[WhiteClock "0:00:17"]
[BlackClock "0:00:14"]

1. Nf3 d5 2. b3 Bg4 3. e3 c6 4. Bb2 Nd7 5. h3 Bh5 6. g4 Bg6 7. d3 e6 8. Nbd2 Ngf6 9. Nh4 Bd6 10. Bg2 Qe7 11. a3 a5 12. Qe2 O-O 13. O-O e5 14. e4 d4 15. Nf5 Bxf5 16. exf5 Nc5 17. Rfe1 Rfe8 18. a4 Nd5 19. Nc4 Bc7 20. Ba3 b6 21. Qf3 Qh4 22. Bxc5 bxc5 23. Nd2 Nb4 24. Rac1 Bd6 25. Ne4 Bf8 26. Qg3 Qxg3 27. Nxg3 Nd5 28. Ne4 f6 29. Nd2 c4 30. Nxc4 Bb4 31. Re4 Nc3 32. Ree1 Na2 33. Bxc6 Bxe1 34. Rxe1 Rec8 35. Bxa8 Rxa8 36. Kg2 Nb4 37. Re2 Nd5 38. Kf3 Kf7 39. Kg3 h5 40. Re4 hxg4 41. h4 Nb4 42. Re2 Ke7 43. Kxg4 Kd7 44. h5 Kc6 45. f4 exf4 46. Kxf4 Nd5+ 47. Kg4 Kc5 48. Rh2 Kb4 49. Nd6 Kc3 50. Ne4+ Kb4 51. h6 gxh6 52. Rxh6 Rg8+ 53. Kf3 Rc8 54. Nxf6 Nxf6 55. Rxf6 Rxc2 56. Rb6+ Kc3 57. Rc6+ Kxd3 58. Rxc2 Kxc2 59. f6 d3 60. f7 d2 61. f8=Q d1=Q+ 62. Ke4 Qd3+ 63. Ke5 Qe3+ 64. Kd6 Qb6+ 65. Kd5 Qxb3+ 66. Kc6 Qxa4+ 67. Kb6 Qb4+ 0-1


[Site "https://www.chess.com"]

[Event "Titled Tuesday Blitz July 26 Early 2022"]
[White "Lehtosaari, Mauri"]
[Black "Bintang, Rasyid A. Hidayat"]
[WhiteFideId "501999"]
[BlackFideId "7105355"]
[WhiteElo "2506"]
[BlackElo "2389"]
[Result "1/2-1/2"]
[Round "06"]
[TimeControl "180+1"]
[Date "2022.07.27"]
[WhiteClock "0:00:10"]
[BlackClock "0:00:15"]

1. d4 d5 2. Nf3 Nc6 3. Bg5 f6 4. Bh4 Nh6 5. h3 Nf5 6. g4 Nxh4 7. Nxh4 e5 8. e3 Be6 9. c3 Bd6 10. Nd2 Qd7 11. Bd3 e4 12. Bb5 a6 13. Ba4 O-O-O 14. Qe2 g5 15. Ng2 h5 16. gxh5 Bxh3 17. f3 Bxg2 18. Qxg2 exf3 19. Qxf3 Rdf8 20. O-O-O Qe6 21. Bb3 Ne7 22. e4 c6 23. exd5 cxd5 24. Rde1 Qf7 25. Ref1 f5 26. c4 g4 27. Qg2 Qf6 28. c5 Bc7 29. Bxd5 Nxd5 30. Qxd5 Rd8 31. Qxf5+ Qxf5 32. Rxf5 Rxd4 33. Kc2 Bf4 34. Nb3 Re4 35. Rh4 Bg3 36. Kd3 Ra4 37. Rh1 Rxa2 38. Kc2 Ra4 39. Rg5 Rf4 40. h6 Rf2+ 41. Kb1 Bf4 42. Rxg4 Rxh6 43. Rxh6 Bxh6 44. Rg6 Be3 45. c6 bxc6 46. Rxc6+ Kb7 47. Na5+ Ka7 48. Nc4 Bd4 49. Rc7+ Kb8 50. Rd7 Bc5 51. Ka2 Rf4 52. Kb3 Rf3+ 53. Ka4 Rf4 54. b3 Rf1 55. b4 Rf4 56. bxc5 Rxc4+ 57. Ka5 Rxc5+ 58. Kb6 Rb5+ 59. Kxa6 Kc8 60. Kxb5 Kxd7 1/2-1/2


[Site "https://www.chess.com"]

[Event "Titled Tuesday Blitz July 26 Early 2022"]
[White "Lianes Garcia, Marcos"]
[Black "Timofeev, Artyom"]
[WhiteFideId "32060777"]
[BlackFideId "4140419"]
[WhiteElo "2334"]
[BlackElo "2578"]
[Result "0-1"]
[Round "06"]
[TimeControl "180+1"]
[Date "2022.07.26"]
[WhiteClock "0:00:03"]
[BlackClock "0:01:02"]

1. e4 c6 2. g3 d5 3. Bg2 dxe4 4. Bxe4 Nf6 5. Bg2 g6 6. d4 Bg7 7. Ne2 O-O 8. O-O Bf5 9. c3 Qc8 10. Re1 Bh3 11. Bh1 Bg4 12. Nd2 Nbd7 13. Nf3 c5 14. Bg2 cxd4 15. Qxd4 Nc5 16. Be3 Ne6 17. Qd1 Rd8 18. Qb3 Nd5 19. Bd4 Bxf3 20. Bxf3 Nxd4 21. Nxd4 Bxd4 22. cxd4 e6 23. Rac1 Qd7 24. Rc5 Nb6 25. Rec1 Rac8 26. Rxc8 Rxc8 27. Rxc8+ Qxc8 28. Kg2 Qd7 29. Qc3 Nd5 30. Qc5 b6 31. Qc4 Ne7 32. h4 Nf5 33. d5 e5 34. Bg4 Nd6 35. Qc6 Qe7 36. Bd7 Kg7 37. Bg4 h5 38. Be2 e4 39. Qc3+ Qf6 40. Qc6 Nf5 41. Qb7 Qxb2 42. Bd1 Ne3+ 43. Kg1 Nxd1 0-1


[Site "https://www.chess.com"]

[Event "Titled Tuesday Blitz July 26 Early 2022"]
[White "Lubbe, Nikolas"]
[Black "Shimanov, Aleksandr"]
[WhiteFideId "4694031"]
[BlackFideId "4198603"]
[WhiteElo "2447"]
[BlackElo "2605"]
[Result "0-1"]
[Round "06"]
[TimeControl "180+1"]
[Date "2022.07.26"]
[WhiteClock "0:00:13"]
[BlackClock "0:00:11"]

1. d4 d5 2. Nc3 Nf6 3. Bf4 a6 4. e3 Bf5 5. f3 e6 6. g4 Bg6 7. h4 h5 8. g5 Nfd7 9. Bd3 Bxd3 10. Qxd3 g6 11. Nge2 Bg7 12. e4 Nb6 13. Be5 Bxe5 14. dxe5 Nc6 15. exd5 Nxd5 16. Nxd5 Qxd5 17. Qxd5 exd5 18. f4 Ne7 19. Kf2 Nf5 20. Ng3 Ng7 21. f5 Nxf5 22. Nxf5 gxf5 23. Rad1 Rd8 24. Kf3 Ke7 25. Kf4 Ke6 26. Rd3 c5 27. Rb3 b5 28. Ra3 Ra8 29. Rg1 Rhg8 30. Ra5 c4 31. a4 bxa4 32. Rc5 Rgc8 33. Rxc8 Rxc8 34. Ra1 Rb8 35. Rxa4 Rxb2 36. Rxa6+ Ke7 37. Kxf5 Rxc2 38. Ra7+ Kf8 39. e6 Rf2+ 40. Ke5 fxe6 41. Kxe6 d4 42. Ra8+ Kg7 43. Ra7+ Kg6 44. Ra6 Rf5 45. Rd6 d3 46. Kd7+ Kg7 47. Ke6 Rf4 48. Rd7+ Kg6 49. Ke5 Rxh4 50. Rc7 Kxg5 51. Rg7+ Kh6 52. Rg2 Rg4 0-1


[Site "https://www.chess.com"]

[Event "Titled Tuesday Blitz July 26 Early 2022"]
[White "Makarian, Rudik"]
[Black "Jeet, Jain"]
[WhiteFideId "44105681"]
[BlackFideId "5073022"]
[WhiteElo "2403"]
[BlackElo "2055"]
[Result "1-0"]
[Round "06"]
[TimeControl "180+1"]
[Date "2022.07.26"]
[WhiteClock "0:00:56"]
[BlackClock "0:00:08"]

1. d3 e5 2. e4 Nf6 3. Nf3 Nc6 4. c3 d5 5. Qc2 Be7 6. b4 a6 7. Bb2 O-O 8. Nbd2 h6 9. a4 Re8 10. b5 axb5 11. axb5 Rxa1+ 12. Bxa1 Na5 13. c4 dxe4 14. dxe4 Bb4 15. Be2 Bg4 16. O-O b6 17. h3 Bh5 18. Rd1 Bd6 19. Nf1 Qe7 20. Ng3 Bg6 21. Nh4 Bh7 22. Nhf5 Bxf5 23. Nxf5 Qe6 24. Qd3 Bc5 25. Bc3 Nb7 26. Bg4 Nxg4 27. hxg4 Rd8 28. Qe2 Rxd1+ 29. Qxd1 Qxc4 30. Bxe5 Nd6 31. Bxd6 cxd6 32. Qa1 f6 33. Qa8+ Kh7 34. Qf8 Qc1+ 35. Kh2 Qf4+ 36. Kh3 Qg5 37. f4 Qg6 38. Ne7 d5 39. Qg8# 1-0


[Site "https://www.chess.com"]

[Event "Titled Tuesday Blitz July 26 Early 2022"]
[White "Maksimovic, Bojan"]
[Black "Abdyzhapar, Asylbek"]
[WhiteFideId "14408120"]
[BlackFideId "13800337"]
[WhiteElo "2453"]
[BlackElo "2323"]
[Result "1-0"]
[Round "06"]
[TimeControl "180+1"]
[Date "2022.07.26"]
[WhiteClock "0:00:30"]
[BlackClock "0:00:49"]

1. e4 c6 2. Nf3 d5 3. d3 dxe4 4. dxe4 Qxd1+ 5. Kxd1 Nf6 6. Nfd2 g5 7. a4 h5 8. h4 g4 9. f3 Nbd7 10. Na3 Ne5 11. f4 Ng6 12. g3 e5 13. f5 Ne7 14. Nac4 Nxf5 15. exf5 Bxf5 16. Bd3 e4 17. Rf1 Be6 18. Rxf6 exd3 19. cxd3 O-O-O 20. Kc2 Bg7 21. Rf1 Rd5 22. Ne4 Rhd8 23. Ra3 b5 24. axb5 cxb5 25. Ne3 b4 26. Rxa7 b3+ 27. Kb1 Rxd3 28. Nc5 R3d6 29. Nxe6 Rxe6 30. Ra8+ Kd7 31. Rxf7+ Re7 32. Ra7+ 1-0


[Site "https://www.chess.com"]

[Event "Titled Tuesday Blitz July 26 Early 2022"]
[White "Martin Barcelo, Carles"]
[Black "Olivares Olivares, Claudio"]
[WhiteFideId "24561444"]
[BlackFideId "3400786"]
[WhiteElo "1922"]
[BlackElo "2249"]
[Result "0-1"]
[Round "06"]
[TimeControl "180+1"]
[Date "2022.07.27"]
[WhiteClock "0:00:02"]
[BlackClock "0:00:05"]

1. e4 c5 2. Nf3 d6 3. g3 Nf6 4. Qe2 Nc6 5. c3 e5 6. Bg2 Be7 7. O-O O-O 8. Rd1 Bg4 9. h3 Bxf3 10. Qxf3 Nd7 11. h4 g6 12. Bh3 c4 13. d4 cxd3 14. Qxd3 Nc5 15. Qf3 Qb6 16. b4 Ne6 17. Bh6 Rfe8 18. Bxe6 fxe6 19. h5 Bf8 20. Be3 Qc7 21. hxg6 hxg6 22. Qg4 Qf7 23. Nd2 d5 24. Nb3 b6 25. Kg2 Bg7 26. Rd2 Rad8 27. Rad1 Rf8 28. Qe2 dxe4 29. Rxd8 Qf3+ 30. Qxf3 exf3+ 31. Kh3 Rxd8 32. Rxd8+ Nxd8 33. Kg4 e4 34. Bd4 e5 35. Be3 Kf7 36. Nd2 Ke6 37. Nxe4 Kd5 38. Kxf3 Ne6 39. Ke2 Kxe4 40. f3+ Kd5 41. Kd3 Nc7 42. c4+ Ke6 43. Ke4 Bf8 44. a3 Ne8 45. Kd3 Nf6 46. Bd2 Bd6 47. Be1 Kf5 48. Ke3 Ke6 49. g4 Bc7 50. Bh4 Ne8 51. Be1 Nd6 52. Kd3 a5 53. c5 bxc5 54. bxa5 c4+ 55. Kc2 Kd5 56. a6 Bb6 57. Bb4 Nb5 58. a4 Nc7 59. a5 Ba7 60. Be7 Nxa6 61. Bd8 Kc6 62. Kc3 Kb5 63. Bb6 Bxb6 64. axb6 Nc5 65. g5 Nb7 66. f4 exf4 67. Kd4 Nd6 0-1


[Site "https://www.chess.com"]

[Event "Titled Tuesday Blitz July 26 Early 2022"]
[White "Melkumyan, Hrant"]
[Black "Sorkin, Igor"]
[WhiteFideId "13302485"]
[BlackFideId "2803283"]
[WhiteElo "2604"]
[BlackElo "2401"]
[Result "1-0"]
[Round "06"]
[TimeControl "180+1"]
[Date "2022.07.26"]
[WhiteClock "0:00:05"]
[BlackClock "0:00:04"]

1. Nf3 g6 2. d4 Bg7 3. c4 d6 4. Nc3 Nd7 5. e4 e5 6. Be2 Ne7 7. h4 h6 8. Be3 Nf6 9. dxe5 Ng4 10. e6 Bxe6 11. Bf4 Ne5 12. Nd2 c6 13. Be3 h5 14. Qc2 Ng4 15. Bg5 Qb6 16. Bxg4 Bxg4 17. O-O Qc7 18. Rae1 O-O 19. Nd1 Rfe8 20. Ne3 Bd7 21. Nf3 Kh8 22. b3 Ng8 23. Rd1 Nf6 24. Nd2 Nh7 25. Bf4 Be5 26. Bxe5+ dxe5 27. c5 b5 28. cxb6 axb6 29. Ndc4 Be6 30. a4 Red8 31. Qc3 f6 32. Rc1 c5 33. Na3 Qc6 34. Nb5 Rd7 35. Qc2 Kg7 36. f4 exf4 37. Rxf4 Re8 38. Qf2 Bf7 39. Qf3 Bxb3 40. Nf5+ gxf5 41. Qxb3 Rxe4 42. Rxf5 Rg4 43. Qh3 Rd2 44. Rf3 Qd7 45. Rcf1 Rd1 46. g3 Rd2 47. R1f2 Rd1+ 48. Rf1 Rd2 49. R3f2 Rxf2 50. Rxf2 Qd1+ 51. Kh2 Qxa4 52. Nd6 Qd7 53. Nf5+ Kg6 54. Qf1 Nf8 55. Ne3 Nh7 56. Nxg4 Qxg4 57. Qd3+ Kg7 58. Qb3 Qd4 59. Qf3 c4 60. Re2 Kf7 61. Qxh5+ Kg8 62. Qg6+ Kf8 63. Re8# 1-0


[Site "https://www.chess.com"]

[Event "Titled Tuesday Blitz July 26 Early 2022"]
[White "Meshkovs, Nikita"]
[Black "Vachylia, Andrii"]
[WhiteFideId "11602740"]
[BlackFideId "14137224"]
[WhiteElo "2506"]
[BlackElo "2318"]
[Result "0-1"]
[Round "06"]
[TimeControl "180+1"]
[Date "2022.07.26"]
[WhiteClock "0:00:03"]
[BlackClock "0:00:05"]

1. e4 c5 2. Nf3 d6 3. d4 cxd4 4. Nxd4 Nf6 5. Nc3 a6 6. Bg5 e6 7. f4 Nbd7 8. Qf3 Qc7 9. O-O-O b5 10. g4 b4 11. Bxf6 bxc3 12. Bh4 cxb2+ 13. Kb1 Bb7 14. Bg2 Nc5 15. Rhe1 Be7 16. Bxe7 Qxe7 17. g5 O-O 18. Re3 Rfc8 19. Qh5 Na4 20. Rdd3 d5 21. exd5 Qb4 22. dxe6 fxe6 23. Bxb7 Qxb7 24. Qd1 Qb4 25. Ne2 Nc5 26. Rd4 Qb6 27. Re5 a5 28. h4 a4 29. a3 Nb7 30. Rb4 Qc6 31. Nd4 Qa6 32. Nxe6 Na5 33. Qd7 Ra7 34. Qd3 Nc4 35. Reb5 Qxe6 36. Rxc4 Qxc4 37. Qxc4+ Rxc4 38. f5 Rac7 39. g6 hxg6 40. fxg6 Rxc2 41. h5 Rc1+ 42. Ka2 b1=Q+ 43. Rxb1 Rxb1 44. Kxb1 Rc5 45. h6 gxh6 0-1


[Site "https://www.chess.com"]

[Event "Titled Tuesday Blitz July 26 Early 2022"]
[White "Molina, Roberto Junio Brito"]
[Black "Oye-Stromberg, Alexander"]
[WhiteFideId "2109450"]
[BlackFideId "1525999"]
[WhiteElo "2432"]
[BlackElo "1958"]
[Result "1-0"]
[Round "06"]
[TimeControl "180+1"]
[Date "2022.07.27"]
[WhiteClock "0:00:05"]
[BlackClock "0:00:06"]

1. d4 Nf6 2. Nf3 d5 3. e3 e6 4. Bd3 c5 5. b3 cxd4 6. exd4 Bb4+ 7. c3 Bd6 8. O-O O-O 9. Nbd2 Nc6 10. Re1 Bd7 11. Nf1 Rc8 12. Bg5 h6 13. Bh4 Be7 14. Ne5 Nxe5 15. dxe5 Ne8 16. Bxe7 Qxe7 17. Qd2 Nc7 18. f4 Nb5 19. Bxb5 Bxb5 20. Ng3 Qc5+ 21. Re3 Rfd8 22. Rd1 a5 23. f5 a4 24. f6 axb3 25. axb3 g6 26. h4 Ra8 27. Kh2 Ra2 28. Qd4 Qxd4 29. Rxd4 Rc8 30. Rb4 Ba6 31. c4 dxc4 32. Ne4 c3 33. Nxc3 Rc2 34. Ne4 Bf1 35. Rg3 R8c7 36. h5 g5 37. Rd4 Be2 38. Rd8+ Kh7 39. Nxg5+ hxg5 40. Rxg5 Rc8 41. Rg7+ Kh6 42. Rd7 Bxh5 43. Rxb7 Bg6 44. Rb4 Rb2 45. Rg4 Kh5 46. Rg3 Rcc2 47. Rh3+ Kg5 48. Rg3+ Kf5 49. R7xg6 fxg6 50. f7 Rc8 51. Rf3+ Kxe5 52. f8=Q Rxf8 53. Rxf8 Rxb3 54. g3 Rf3 55. Rxf3 1-0


[Site "https://www.chess.com"]

[Event "Titled Tuesday Blitz July 26 Early 2022"]
[White "Munkhgal, Gombosuren"]
[Black "Goltseva, Ekaterina"]
[WhiteFideId "4901266"]
[BlackFideId "24173770"]
[WhiteElo "2576"]
[BlackElo "2086"]
[Result "1-0"]
[Round "06"]
[TimeControl "180+1"]
[Date "2022.07.27"]
[WhiteClock "0:00:17"]
[BlackClock "0:00:03"]

1. d4 d5 2. Bf4 Nf6 3. e3 c5 4. dxc5 Qa5+ 5. Nc3 Qxc5 6. Nb5 Na6 7. a3 Bd7 8. b4 Qb6 9. Qd4 Qxd4 10. exd4 e6 11. Nf3 Be7 12. Ne5 O-O 13. Bd3 Bxb5 14. Bxb5 Nc7 15. Bd3 Rac8 16. f3 a6 17. Kd2 Na8 18. Bg5 Nb6 19. c3 Ne4+ 20. fxe4 Bxg5+ 21. Kc2 Na4 22. Kb3 Nxc3 23. Nd7 Rfd8 24. Nc5 Nxe4 25. Bxe4 dxe4 26. Rad1 b6 27. Nxe4 Be3 28. d5 exd5 29. Ng3 g6 30. Rd3 d4 31. Rhd1 Rc1 32. Rxc1 Bxc1 33. Nf1 b5 34. Kc2 Bf4 35. g3 Rc8+ 36. Kd1 Rc1+ 37. Ke2 Be5 38. Nd2 Rc2 39. Kd1 Rc7 40. Nf3 Bf6 41. g4 Bg7 42. g5 Rc4 43. Nd2 Rc3 44. Ke2 Rxd3 45. Kxd3 h6 46. gxh6 Bxh6 47. Nb3 Be3 48. Nc5 Bc1 49. Nxa6 Bxa3 50. Kxd4 f5 51. Kc5 f4 52. Kd4 Kf7 53. Ke4 Bc1 54. Nc7 Kf6 55. Nxb5 Kg5 56. Nd4 Be3 57. b5 Kg4 58. b6 Bxd4 59. Kxd4 f3 60. Ke3 f2 61. Kxf2 1-0


[Site "https://www.chess.com"]